 Dungeon Crawl Stone Soup version 0.29-a0-330-g52719c12eb (webtiles) character file.

Game seed: 8022686377053140238

19 Anon1729 the Skirmisher (level 2, 0/24 HPs)
             Began as a Mummy Monk on May 15, 2022.
             Was a Priest of Makhleb.
             Slain by an endoplasm (2 damage)
             ... on level 1 of the Dungeon.
             The game lasted 00:01:06 (340 turns).

Anon1729 the Skirmisher (Mummy Monk)                 Turns: 340, Time: 00:01:07

Health: 0/24       AC:  2    Str: 14    XL:     2   Next: 55%
Magic:  2/2        EV: 12    Int:  9    God:    Makhleb [***...]
Gold:   0          SH:  0    Dex: 14    Spells: 1/1 levels left

rFire   . . .      SeeInvis .   a - +0 short sword
rCold   + . .      Faith    .   (no shield)
rNeg    + + +      Spirit   .   b - +0 robe
rPois   ∞          Reflect  .   (no helmet)
rElec   .          Harm     .   (no cloak)
rCorr   .          Rampage  .   (no gloves)
Will    .....                   (no boots)
Stlth   ++........              (no amulet)
HPRegen 0.08/turn               c - ring of protection from fire
MPRegen 0.08/turn               (no ring)

@: no status effects
A: cold resistance 1, negative energy resistance 3, torment resistance 2, heat
vulnerability 1, no potions
a: Renounce Religion, Minor Destruction, Lesser Servant of Makhleb


You were on level 1 of the Dungeon.
You worshipped Makhleb.
Makhleb was most pleased with you.
You visited 1 branch of the dungeon, and saw 1 of its levels.

Inventory:

Hand Weapons
 a - a +0 short sword (weapon)
Armour
 b - a +0 robe (worn)
Jewellery
 c - a ring of protection from fire (left hand)
Scrolls
 d - a scroll of identify
 e - a scroll of immolation


   Skills:
 + Level 3.2 Fighting
 + Level 2.6 Short Blades
 + Level 2.6 Dodging
 + Level 1.9 Stealth
 * Level 0.2 Invocations


You had one spell level left.
You didn't know any spells.
Your spell library was empty.

Dungeon Overview and Level Annotations

Branches:
Dungeon (1/15)

Altars:
Makhleb


Innate Abilities, Weirdness & Mutations

You are immune to poison.
Your flesh is cold resistant. (rC+)
You are immune to negative energy. (rN+++)
You are immune to unholy pain and torment.
You are vulnerable to heat. (rF-)
You do not drink.


Message History

You hit the hobgoblin but do no damage.
The hobgoblin is heavily wounded.
The hobgoblin misses you. The endoplasm closely misses you.
The kobold shouts!
You hit the hobgoblin.
You kill the hobgoblin!
Makhleb accepts your kill. The endoplasm freezes you.
You are frozen.
You resist.
* * * LOW HITPOINT WARNING * * *
Okay, then.
As you read the scroll labelled SETEEH EJUMAT, it crumbles to dust.
It is a scroll of identify.
e - a scroll of immolation The endoplasm closely misses you.
An endoplasm comes into view.
You aren't carrying any items that you can evoke.
You can't drink.
Unknown command.
Unknown command.
Aiming: Minor Destruction (21% risk of failure)
Press: ? - help, Shift-Dir - straight line, f - goblin
Aim: a goblin, wielding a +0 dagger The zap hits the endoplasm.
The endoplasm is lightly wounded.
The zap misses the goblin.
The endoplasm closely misses you.
You hit the endoplasm.
The endoplasm is heavily wounded.
The endoplasm barely misses you.
You hit the endoplasm.
The endoplasm is severely wounded.
The endoplasm closely misses you.
You hit the endoplasm but do no damage.
The endoplasm is severely wounded.
The endoplasm hits you but does no damage.
Aiming: Minor Destruction (21% risk of failure)
Press: ? - help, Shift-Dir - straight line, f - endoplasm, p - goblin
Aim: an endoplasm You fail to use your ability.
The endoplasm hits you.
You die...

########### #[........#
#.........# ## #.........#
#. #.........## #### #.
#..........# #...
#.###..........# #...
#.#.†..........####...
######.#.#@...........##...
.......†gJ###########......
#........K# ##.....
.........J# #.....
.#..#..†..# #.....
...........# #.....
....>........ #.....
##............. ##....
............... #.....


You could see 2 endoplasms, a goblin and a kobold.

Vanquished Creatures
  3 ball pythons (D:1)
  2 bats (D:1)
  2 endoplasms (D:1)
  2 goblins (D:1)
  2 hobgoblins (D:1)
  2 kobolds (D:1)
  A quokka (D:1)
  2 frilled lizards (D:1)
16 creatures vanquished.

Notes
Turn   | Place    | Note
-------+----------+-------------------------------------------
     0 | D:1      | Anon1729 the Mummy Monk began the quest for the Orb.
     0 | D:1      | Reached XP level 1. HP: 18/18 MP: 1/1
   237 | D:1      | Found a faded altar of an unknown god.
   247 | D:1      | Reached XP level 2. HP: 23/24 MP: 2/2
   270 | D:1      | Prayed at the altar of an unknown god.
   270 | D:1      | Became a worshipper of Makhleb the Destroyer
   270 | D:1      | Reached * piety under Makhleb
   270 | D:1      | Reached ** piety under Makhleb
   330 | D:1      | Reached *** piety under Makhleb
   340 | D:1      | Slain by an endoplasm

Illustrated notes

Levels and vault maps discovered:
D:1:      minmay_arrival_split_and_join, layout_rooms,
          hellmonk_ecumenical_altar_run_dry

Action                   || total
-------------------------++-------
Melee: Short sword       ||    52
       Punch             ||     1
Invok: Minor Destruction ||     2
  Use: Scroll            ||     1
 Stab: Sleeping          ||     1
Armor: Robe              ||    15
Dodge: Dodged            ||    40

Table legend: (Time is in decaauts)
 A = Elapsed time spent in this place.
 B = Non-inter-level travel time spent in this place.
 C = Inter-level travel time spent in this place.
 D = Time resting spent in this place.
 E = Time spent auto-exploring this place.
 F = Levels seen in this place.
 G = Mean time per level.
                   A        B        C        D        E       F      G
               +--------+--------+--------+--------+--------+-----+--------+
         Total |    337 |    337 |      0 |      0 |    224 |   1 |  337.0 |
       Dungeon |    337 |    337 |      0 |      0 |    224 |   1 |  337.0 |
               +--------+--------+--------+--------+--------+-----+--------+

Top non-repeatable levels by time:
     D:1: 337 daAuts
